MID
QUAD CITIES RIVER BANDITS @ GREENVILLE DRIVE
06/24/2048
 
TOP OF THE 1ST
Quad Cities River Bandits batting - Pitching for Greenville Drive : RHP Cody Humphries
Pitching: RHP Cody Humphries
Batting: RHB Sean Mounts 0-0: Foul Ball, location: 2F
0-1: Ball
1-1: Ball
2-1: Ball
3-1: Base on Balls
Batting: LHB Kelvin Jones 0-0: Called Strike
0-1: Fielders Choice at 2nd, 5-4 (Groundball, 56, EV 83.1 MPH)
Batting: LHB Danny Wolver 0-0: Ball
Kelvin Jones steals 2nd base
1-0: SINGLE (Flyball, 8LS, EV 94.4 MPH)
Kelvin Jones to third
Runner from 3rd tries for Home, SAFE, throw by CF to home
Batting: RHB Andrew Pride 0-0: Called Strike
Danny Wolver is caught stealing 2nd base 2-4
0-1: Ball
1-1: SINGLE (Groundball, 56D, EV 93.8 MPH)
Batting: LHB Daigo Ishii 0-0: Ball
1-0: Foul Ball, location: 2F
1-1: Ground out 4-3 (Groundball, 4, EV 105.0 MPH)
Top of the 1st over - 1 run, 2 hits, 0 errors, 1 left on base; Quad Cities 1 - Greenville 0
BOTTOM OF THE 1ST
Greenville Drive batting - Pitching for Quad Cities River Bandits : RHP Ray Strehler
Pitching: RHP Ray Strehler
Batting: RHB Jim Hubbard 0-0: Ball
1-0: Ball
2-0: Called Strike
2-1: Called Strike
2-2: Ground out 6-3 (Groundball, 6M, EV 93.8 MPH)
Batting: SHB Robert Soto 0-0: Ball
1-0: Ball
2-0: Ball
3-0: Called Strike
3-1: Swinging Strike
3-2: SINGLE (Line Drive, 6MD, EV 95.6 MPH)
Batting: LHB Carlos Guerra 0-0: Ball
1-0: Foul Ball, location: 2F
1-1: Ball
2-1: Foul Ball, location: 2F
2-2: Ball
3-2: Strikes out swinging
Batting: LHB Danny Montoya 0-0: Ball
1-0: Ground out 1-3 (Groundball, 15S, EV 67.5 MPH)
Bottom of the 1st over - 0 runs, 1 hit, 0 errors, 1 left on base; Quad Cities 1 - Greenville 0
TOP OF THE 2ND
Quad Cities River Bandits batting - Pitching for Greenville Drive : RHP Cody Humphries
Batting: RHB Alex Campos 0-0: Foul Ball, location: 2F
0-1: Ground out 5-3 (Groundball, 56, EV 98.8 MPH)
Batting: RHB Kieron Clark 0-0: Called Strike
0-1: Called Strike
0-2: Strikes out swinging
Batting: RHB Reginald McDougall 0-0: Called Strike
0-1: Ball
1-1: Foul Ball, location: 2F
1-2: Ground out 5-3 (Groundball, 56S, EV 75.6 MPH)
Top of the 2nd over - 0 runs, 0 hits, 0 errors, 0 left on base; Quad Cities 1 - Greenville 0
BOTTOM OF THE 2ND
Greenville Drive batting - Pitching for Quad Cities River Bandits : RHP Ray Strehler
Batting: RHB Alex Cardenas 0-0: Swinging Strike
0-1: Ball
1-1: SINGLE (Flyball, 3D, EV 94.4 MPH)
Batting: LHB John Buff 0-0: Fielders Choice at 2nd, 4-6 (Groundball, 4, EV 89.4 MPH)
Batting: RHB Tony Nunez 0-0: Ball
John Buff is caught stealing 2nd base 2-4
1-0: Ball
2-0: Fly out, F7 (Flyball, 7D, EV 83.1 MPH)
Bottom of the 2nd over - 0 runs, 1 hit, 0 errors, 0 left on base; Quad Cities 1 - Greenville 0
TOP OF THE 3RD
Quad Cities River Bandits batting - Pitching for Greenville Drive : RHP Cody Humphries
Batting: RHB Ray Souza 0-0: Ball
1-0: Called Strike
1-1: Swinging Strike
1-2: Strikes out swinging
Batting: RHB Sean Mounts 0-0: Called Strike
0-1: Foul Ball, location: 2F
0-2: Ball
1-2: Fly out, F8 (Line Drive, 8RM, EV 90.6 MPH)
Batting: LHB Kelvin Jones 0-0: Called Strike
0-1: Foul Ball, location: 2F
0-2: Fly out, F7 (Flyball, 7D, EV 108.1 MPH)
Top of the 3rd over - 0 runs, 0 hits, 0 errors, 0 left on base; Quad Cities 1 - Greenville 0
BOTTOM OF THE 3RD
Greenville Drive batting - Pitching for Quad Cities River Bandits : RHP Ray Strehler
Batting: RHB Ted Emmerich 0-0: Ball
1-0: Swinging Strike
1-1: Ball
2-1: Foul Ball, location: 2F
2-2: Fly out, F7 (Flyball, 7, EV 89.4 MPH)
Batting: RHB Roger Mitchell 0-0: Called Strike
0-1: Called Strike
0-2: Foul Ball, location: 2F
0-2: DOUBLE (Line Drive, 78M, EV 110.6 MPH)
Batting: RHB Jim Hubbard 0-0: Ball
Roger Mitchell steals 3rd base
1-0: Fly out, F6 (Popup, 6M, EV 73.8 MPH)
Batting: SHB Robert Soto 0-0: Foul Ball, location: 2F
0-1: Ground out U3 (Groundball, 13, EV 93.1 MPH)
Bottom of the 3rd over - 0 runs, 1 hit, 0 errors, 1 left on base; Quad Cities 1 - Greenville 0
TOP OF THE 4TH
Quad Cities River Bandits batting - Pitching for Greenville Drive : RHP Cody Humphries
Batting: LHB Danny Wolver 0-0: Called Strike
0-1: Swinging Strike
0-2: Ball
1-2: Strikes out swinging
Batting: RHB Andrew Pride 0-0: Foul Ball, location: 2F
0-1: Fly out, F8 (Flyball, 8LM, EV 91.9 MPH)
Batting: LHB Daigo Ishii 0-0: Called Strike
0-1: Swinging Strike
0-2: Ball
1-2: Ball
2-2: Strikes out swinging
Top of the 4th over - 0 runs, 0 hits, 0 errors, 0 left on base; Quad Cities 1 - Greenville 0
BOTTOM OF THE 4TH
Greenville Drive batting - Pitching for Quad Cities River Bandits : RHP Ray Strehler
Batting: LHB Carlos Guerra 0-0: Ball
1-0: Ball
2-0: Ground out 2-3 (Groundball, 15S, EV 72.5 MPH)
Batting: LHB Danny Montoya 0-0: Foul Ball, location: 2F
0-1: Ball
1-1: Ball
2-1: Fly out, F7 (Flyball, 78S, EV 88.1 MPH)
Batting: RHB Alex Cardenas 0-0: Ball
1-0: Swinging Strike
1-1: Swinging Strike
1-2: Ball
2-2: Strikes out swinging
Bottom of the 4th over - 0 runs, 0 hits, 0 errors, 0 left on base; Quad Cities 1 - Greenville 0
TOP OF THE 5TH
Quad Cities River Bandits batting - Pitching for Greenville Drive : RHP Cody Humphries
Batting: RHB Alex Campos 0-0: Ball
1-0: Ball
2-0: DOUBLE (Line Drive, 8LXD, EV 103.8 MPH)
Batting: RHB Kieron Clark 0-0: Ball
1-0: Swinging Strike
1-1: Foul Ball, location: 2F
1-2: Strikes out swinging
Batting: RHB Reginald McDougall 0-0: DOUBLE (Flyball, 8LXD, EV 107.5 MPH)
Alex Campos scores
Batting: RHB Ray Souza 0-0: Ball
1-0: Ball
2-0: Ball
3-0: Called Strike
3-1: Base on Balls
Batting: RHB Sean Mounts 0-0: Called Strike
0-1: Ball
1-1: Called Strike
1-2: SINGLE (Line Drive, 89S, EV 97.5 MPH)
Reginald McDougall to third
Ray Souza to second
Runner from 3rd tries for Home, SAFE, throw by RF to home
Batting: LHB Kelvin Jones 0-0: Ball
1-0: Ball
2-0: Foul Ball, location: 2F
2-1: Foul Ball, location: 2F
2-2: Grounds into double play, 4-6-3 (Groundball, 4, EV 103.1 MPH)
Top of the 5th over - 2 runs, 3 hits, 0 errors, 1 left on base; Quad Cities 3 - Greenville 0
BOTTOM OF THE 5TH
Greenville Drive batting - Pitching for Quad Cities River Bandits : RHP Ray Strehler
Batting: LHB John Buff 0-0: SINGLE (Line Drive, 9S, EV 102.5 MPH)
Batting: RHB Tony Nunez 0-0: Called Strike
0-1: Ball
John Buff steals 2nd base (no throw)
1-1: Ball
2-1: Ball
3-1: Ground out 3-1 (Groundball, 34, EV 110.6 MPH)
John Buff to third
Batting: RHB Ted Emmerich 0-0: Called Strike
0-1: Ball
1-1: Ball
2-1: Foul Ball, location: 2F
2-2: Ball
3-2: Base on Balls
Batting: RHB Roger Mitchell 0-0: SINGLE (Groundball, 56, EV 98.8 MPH) (infield hit)
John Buff scores
Ted Emmerich to second
Batting: RHB Jim Hubbard 0-0: Fielders Choice at 2nd, 3-6 (Groundball, 34, EV 91.2 MPH)
Ted Emmerich to third
Batting: SHB Robert Soto 0-0: Ground out 4-3 (Groundball, 4M, EV 110.0 MPH)
Bottom of the 5th over - 1 run, 2 hits, 0 errors, 2 left on base; Quad Cities 3 - Greenville 1
TOP OF THE 6TH
Quad Cities River Bandits batting - Pitching for Greenville Drive : RHP Cody Humphries
Batting: LHB Danny Wolver 0-0: SINGLE (Groundball, 34, EV 100.6 MPH)
Batting: RHB Andrew Pride 0-0: Foul Ball, location: 2F
0-1: Swinging Strike
0-2: Strikes out swinging
Batting: LHB Daigo Ishii 0-0: Called Strike
0-1: Swinging Strike
0-2: Ball
1-2: 2-RUN HOME RUN (Flyball, 9LD, EV 89.4 MPH), Distance : 335 ft
Pitching: LHP Josh Turner
Batting: RHB Alex Campos 0-0: Ball
1-0: Ball
2-0: SINGLE (Groundball, 6D, EV 102.5 MPH)
Pitching: RHP Jon Olivo
Batting: RHB Kieron Clark 0-0: Ball
1-0: Called Strike
1-1: Fly out, F9 (Flyball, 9, EV 90.0 MPH)
Batting: RHB Reginald McDougall 0-0: Ball
1-0: TRIPLE (Flyball, 89XD, EV 101.9 MPH)
Alex Campos scores
Batting: RHB Ray Souza 0-0: Ball
1-0: Called Strike
1-1: Ball
2-1: Foul Ball, location: 2F
2-2: Strikes out looking
Top of the 6th over - 3 runs, 4 hits, 0 errors, 1 left on base; Quad Cities 6 - Greenville 1
BOTTOM OF THE 6TH
Greenville Drive batting - Pitching for Quad Cities River Bandits : RHP Ray Strehler
Batting: LHB Carlos Guerra 0-0: Ball
1-0: Swinging Strike
1-1: Called Strike
1-2: Foul Ball, location: 2F
1-2: Ball
2-2: DOUBLE (Line Drive, 9LS, EV 95.0 MPH)
Batting: LHB Danny Montoya 0-0: Foul Ball, location: 2F
0-1: Ball
1-1: Foul Ball, location: 2F
1-2: Foul Ball, location: 2F
1-2: Ball
2-2: Foul Ball, location: 2F
2-2: Foul Ball, location: 2F
2-2: Ball
3-2: SINGLE (Line Drive, 9LS, EV 110.0 MPH)
Carlos Guerra to third
Throwing error, E9
Carlos Guerra scores
Danny Montoya to second
Batting: RHB Alex Cardenas 0-0: Ground out 5-3 (Groundball, 5S, EV 88.8 MPH)
Batting: LHB John Buff 0-0: Ground out 4-3 (Groundball, 4, EV 101.2 MPH)
Danny Montoya to third
Batting: RHB Tony Nunez 0-0: Called Strike
0-1: Swinging Strike
0-2: Ball
1-2: Foul Ball, location: 2F
1-2: Strikes out swinging
Bottom of the 6th over - 1 run, 2 hits, 1 error, 1 left on base; Quad Cities 6 - Greenville 2
TOP OF THE 7TH
Quad Cities River Bandits batting - Pitching for Greenville Drive : RHP Jon Olivo
Batting: RHB Sean Mounts 0-0: Called Strike
0-1: Ball
1-1: Ball
2-1: Foul Ball, location: 2F
2-2: Ball
3-2: Foul Ball, location: 2F
3-2: Ground out 4-3 (Groundball, 4, EV 87.5 MPH)
Batting: LHB Kelvin Jones 0-0: Ball
1-0: Ball
2-0: Called Strike
2-1: Foul Ball, location: 2F
2-2: Strikes out swinging
Batting: LHB Danny Wolver 0-0: Ball
1-0: Ball
2-0: Ball
3-0: Base on Balls
Batting: RHB Andrew Pride 0-0: Swinging Strike
0-1: Ball
1-1: Ball
Wild Pitch!
Danny Wolver to second
2-1: Ground out 5-3 (Groundball, 56, EV 86.9 MPH)
Top of the 7th over - 0 runs, 0 hits, 0 errors, 1 left on base; Quad Cities 6 - Greenville 2
BOTTOM OF THE 7TH
Greenville Drive batting - Pitching for Quad Cities River Bandits : RHP Ray Strehler
Pitching: RHP Carlos Zavala
Batting: RHB Ted Emmerich 0-0: Ball
1-0: Ground out 6-3 (Groundball, 56, EV 106.2 MPH)
Pinch Hitting: LHB Kevin Rolison 0-0: Called Strike
0-1: DOUBLE (Flyball, 8LXD, EV 96.2 MPH)
Batting: RHB Jim Hubbard 0-0: Called Strike
0-1: Ball
1-1: Ball
2-1: Ball
3-1: Base on Balls
Batting: SHB Robert Soto Balk!
Kevin Rolison to third
Jim Hubbard to second
0-0: Swinging Strike
0-1: Called Strike
0-2: Foul Ball, location: 2F
0-2: Ball
1-2: Reached on error, E4 (Groundball, 4, EV 86.2 MPH)
Kevin Rolison scores
Jim Hubbard to third
Batting: LHB Carlos Guerra 0-0: Called Strike
0-1: Ball
1-1: Ball
2-1: Ball
3-1: Called Strike
3-2: Strikes out swinging
Batting: LHB Danny Montoya 0-0: Ball
1-0: Called Strike
1-1: SINGLE (Groundball, 4D, EV 106.9 MPH)
Jim Hubbard scores
Robert Soto to second
Runner from 2nd tries for 3rd, SAFE, throw by CF made to third
Batting: RHB Alex Cardenas 0-0: Fly out, F9 (Flyball, 9LS, EV 81.2 MPH)
Bottom of the 7th over - 2 runs, 2 hits, 1 error, 2 left on base; Quad Cities 6 - Greenville 4
TOP OF THE 8TH
Quad Cities River Bandits batting - Pitching for Greenville Drive : RHP Jon Olivo
Now at 2B: Carlos Guerra
Now in LF: Kevin Rolison
Batting: LHB Daigo Ishii 0-0: Called Strike
0-1: Ball
1-1: Reached on error, E6 (Groundball, 6, EV 104.4 MPH)
Batting: RHB Alex Campos 0-0: Ball
1-0: Foul Ball, location: 2F
1-1: Fly out, F9 (Flyball, 9LS, EV 71.9 MPH)
Batting: RHB Kieron Clark 0-0: Ball
1-0: Ground out U3 (Groundball, 13, EV 80.6 MPH)
Daigo Ishii to third
Batting: RHB Reginald McDougall 0-0: Called Strike
0-1: Ball
1-1: Swinging Strike
1-2: Ball
2-2: Ball
Wild Pitch!
Daigo Ishii scores
3-2: Base on Balls
Batting: RHB Ray Souza 0-0: Called Strike
0-1: Foul Ball, location: 2F
0-2: Ball
Reginald McDougall steals 2nd base (no throw)
1-2: Ball
2-2: Foul Ball, location: 2F
2-2: Foul Ball, location: 2F
2-2: Strikes out looking
Top of the 8th over - 1 run, 0 hits, 1 error, 1 left on base; Quad Cities 7 - Greenville 4
BOTTOM OF THE 8TH
Greenville Drive batting - Pitching for Quad Cities River Bandits : RHP Carlos Zavala
Batting: LHB John Buff 0-0: Called Strike
0-1: Ball
1-1: Called Strike
1-2: Ball
2-2: SINGLE (Line Drive, 78M, EV 93.1 MPH)
Batting: RHB Tony Nunez 0-0: Grounds into double play, 5-4-3 (Groundball, 56, EV 79.4 MPH)
Pinch Hitting: LHB Eddie Contreras 0-0: Foul Ball, location: 2F
0-1: Ball
1-1: Ball
2-1: Swinging Strike
2-2: Ball
3-2: Fly out, F7 (Flyball, 7LM, EV 93.1 MPH)
Bottom of the 8th over - 0 runs, 1 hit, 0 errors, 0 left on base; Quad Cities 7 - Greenville 4
TOP OF THE 9TH
Quad Cities River Bandits batting - Pitching for Greenville Drive : RHP Jon Olivo
Pitching: LHP Jason Salzer
Now at 1B: Eddie Contreras
Now at SS: Tony Nunez
Batting: RHB Sean Mounts 0-0: Foul Ball, location: 2F
0-1: Ball
1-1: Foul Ball, location: 2F
1-2: Ball
2-2: Ball
3-2: Ground out 5-3 (Groundball, 56S, EV 71.9 MPH)
Batting: LHB Kelvin Jones 0-0: Foul Ball, location: 2F
0-1: Fly out, F6 (Popup, 6S, EV 84.4 MPH)
Batting: LHB Danny Wolver 0-0: Ground out 6-3 (Groundball, 56, EV 83.8 MPH)
Top of the 9th over - 0 runs, 0 hits, 0 errors, 0 left on base; Quad Cities 7 - Greenville 4
BOTTOM OF THE 9TH
Greenville Drive batting - Pitching for Quad Cities River Bandits : RHP Carlos Zavala
Pitching: LHP Glenn Lowther
Batting: LHB Kevin Rolison 0-0: Ball
1-0: Ground out 6-3 (Groundball, 6M, EV 97.5 MPH)
Batting: RHB Jim Hubbard 0-0: Ball
1-0: Foul Ball, location: 2F
1-1: Called Strike
1-2: Strikes out looking
Batting: SHB Robert Soto 0-0: Ball
1-0: Foul Ball, location: 2F
1-1: SOLO HOME RUN (Flyball, 7LD, EV 93.1 MPH), Distance : 365 ft
Batting: LHB Carlos Guerra 0-0: Swinging Strike
0-1: Ball
1-1: Swinging Strike
1-2: Fly out, F7 (Flyball, 78M, EV 83.8 MPH)
Bottom of the 9th over - 1 run, 1 hit, 0 errors, 0 left on base; Quad Cities 7 - Greenville 5
Tuesday, March 28th , 2023 - OOTP Baseball 23.10 Build 110